 Dungeon Crawl Stone Soup version 0.16-a0-212-g3ed950e (webtiles) character file.

161 SHODAN the Slasher (level 5, -8/45 HPs)
             Began as a Hill Orc Fighter on Aug 18, 2014.
             Mangled by Sigmund
             ... wielding a +6 scythe of freezing
              (10 damage)
             ... on Level 4 of the Dungeon.
             The game lasted 00:09:29 (2419 turns).

SHODAN the Slasher (Hill Orc Fighter)               Turns: 2419, Time: 00:09:29

HP  -8/45        AC 13     Str 25      XL: 5   Next: 42%
MP   5/5         EV  6     Int 13      God:
Gold 143         SH  6     Dex  8 (10) Spells:  0 memorised,  4 levels left

rFire  . . .     SeeInvis .     a - +0 long sword
rCold  + . .     Clarity  .     b - +1 plate armour {rC+}
rNeg   . . .     rCorr    .     H - +2 buckler
rPois  .         rRot     .     (no helmet)
rElec  .         Spirit   .     (no cloak)
SustAb .         Warding  .     (no gloves)
rMut   .         Stasis   .     n - +0 pair of boots
Gourm  .                        (no amulet)
MR     .....                    (no ring)
                                h - cursed ring of loudness

@: mighty, brilliant, flying, not resistant to hostile enchantments, extremely
unstealthy
A: no striking features
a: no special abilities


You were on level 4 of the Dungeon.
You were not hungry.

You visited 1 branch of the dungeon, and saw 4 of its levels.

You collected 143 gold pieces.

Inventory:

Hand weapons
 a - a +0 long sword (weapon)
 s - a +0 long sword
 y - a +0 blowgun
Missiles
 w - 3 javelins (quivered)
 z - 15 poisoned needles
Armour
 b - a +1 plate armour of cold resistance (worn)
 c - a +0 shield
 n - a +0 pair of boots (worn)
 H - a +2 buckler (worn)
Magical devices
 t - a wand of lightning (0)
Comestibles
 d - 2 meat rations
 l - 5 bread rations
 q - 2 beef jerkies
Scrolls
 f - 2 scrolls of recharging
 g - a scroll of teleportation
 i - a scroll of random uselessness {unknown}
 x - a scroll of fear {unknown}
 E - a scroll of fog
 G - a scroll of enchant armour {unknown}
Jewellery
 h - a cursed ring of loudness (left hand)
 o - a cursed +1 ring of evasion {unknown}
 u - a +4 ring of protection {unknown}
 v - an uncursed ring of protection from cold {unknown}
 C - an uncursed ring of magical power {unknown}
Potions
 j - a potion of brilliance


   Skills:
 - Level 3.6 Fighting
 * Level 6.0 Long Blades
 - Level 3.2 Armour
 - Level 3.2 Shields


You had 4 spell levels left.
You didn't know any spells.

Dungeon Overview and Level Annotations

Branches:
Dungeon (4/15)
 Temple: D:4-7

Altars:
Elyvilon
Fedhas
Gozag
Nemelex Xobeh

Annotations:
D:4 Sigmund


Message History

You feel clumsy.
It was a potion of degeneration.
Something hits you.
* * * LOW HITPOINT WARNING * * *
Drink which item? (? for menu, Esc to quit)
You feel much better.
It was a potion of heal wounds.
Something hits you. Something freezes you.
Drink which item? (? for menu, Esc to quit)
You feel very buoyant.
You fly up into the air.
It was a potion of flight.
You hear the slow rusting of a drain, a long way away.
You closely miss something.
You hear some strange, mumbled words.
Something tries to affect you, but you resist.
You closely miss something. Something hits you but does no damage.
You barely miss something. Something hits you!
* * * LOW HITPOINT WARNING * * *
Something freezes you.
* * * LOW HITPOINT WARNING * * *
You miss something. Something hits you!
You die...

##############....
#...............?..
.######.######....
#.######.####
#....[.)#{..#
#..#####@##.# #.# #
#.# ###.# #...#
#.### #<# #.# #.#


There were no monsters in sight!

Vanquished Creatures
  3 adders
  4 gnolls (D:3)
  2 worms (D:2)
  An ooze (D:3)
  An orc (D:3)
  7 giant cockroaches
  11 hobgoblins
  6 jackals
  11 bats
  4 giant newts
  7 goblins
  15 kobolds
  A quokka (D:2)
  6 rats
79 creatures vanquished.

Notes
Turn   | Place    | Note
--------------------------------------------------------------
     0 | D:1      | SHODAN, the Hill Orc Fighter, began the quest for the Orb.
     0 | D:1      | Reached XP level 1. HP: 19/19 MP: 1/1
    79 | D:1      | Reached XP level 2. HP: 16/26 MP: 2/2
   416 | D:1      | Reached XP level 3. HP: 31/31 MP: 3/3
   583 | D:2      | Reached skill level 4 in Long Blades
   660 | D:2      | Found a white marble altar of Elyvilon.
   946 | D:2      | Found a blossoming altar of Fedhas.
   950 | D:2      | Reached XP level 4. HP: 25/39 MP: 4/4
  1456 | D:3      | Reached skill level 5 in Long Blades
  1637 | D:3      | Found an opulent altar of Gozag.
  1661 | D:3      | Reached XP level 5. HP: 16/45 MP: 5/5
  1677 | D:3      | Found a sparkling altar of Nemelex Xobeh.
  2332 | D:3      | Reached skill level 6 in Long Blades
  2382 | D:4      | Noticed Sigmund
  2418 | D:4      | HP: 2/45 [something (1)]
  2419 | D:4      | Mangled by Sigmund

Action                   |  1- 3 |  4- 6 || total
-------------------------+-------+-------++-------
Melee: Long sword        |   128 |   162 ||   290
Throw: Javelin           |       |     3 ||     3
Evoke: Wand              |       |     4 ||     4
  Use: Scroll            |       |     5 ||     5
       Potion            |       |     9 ||     9
  Eat: Chunk             |       |     5 ||     5
